cohdb
Replays
Latest Replays
All Replays
Popular Replays
Top Player Replays
Match Explorer
How It Works
Community
CoH3 Stats
Reddit
Sign in to upload your games and track your stats! →
Sign in with Steam
Match 41445846
Unlisted
Match 41445846
Overview
Messages
Build Orders
End
Kettenkrad Recon Vehicle
Construct Infanterie Kompanie
MG 42 Machine Gun Team
Selects Terror Battlegroup
Selects Machine Gun Camouflage
Grenadier Squad
Grenadier Squad
Grenadier Squad
Construct Luftwaffe Kompanie
221 Scout Car
Jäger Squad
Support Elements
Selects Defend the Fatherland
Wirbelwind Flakpanzer
Luftwaffe Officer Quarters
Wirbelwind Flakpanzer
Jäger Squad
Wirbelwind Flakpanzer
Selects King Tiger Heavy Tank
Jäger Squad
King Tiger Heavy Tank
Pioneer Squad
Selects Interrogate
Selects Propaganda Leaflet Drop
Propaganda Leaflet Drop
T.R. Olvadi
KevinTDW
[BPX] Kronosaur0s
Calosius
0
0
Comments
sign in to comment!
No comments posted yet!